 Dungeon Crawl Stone Soup version 0.28.0-43-g3370ac3207 (webtiles) character file.

Game seed: 17943672549388578845

88 pkoi the Insei (level 4, -7/38 HPs)
             Began as a Draconian Monk on Mar 1, 2022.
             Mangled by a gnoll
             ... wielding a +0 spear
              (8 damage)
             ... on level 2 of the Dungeon.
             The game lasted 00:02:48 (2156 turns).

pkoi the Insei (Draconian Monk)                     Turns: 2156, Time: 00:02:48

Health: -7/38      AC:  5    Str: 13    XL:     4   Next: 29%
Magic:  4/4        EV: 12    Int: 12    God:
Gold:   109        SH:  0    Dex: 14    Spells: 3/3 levels left

rFire   . . .      SeeInvis .     - Unarmed
rCold   . . .      Faith    .   (no shield)
rNeg    . . .      Spirit   .   (armour unavailable)
rPois   .          Reflect  .   (helmet restricted)
rElec   .          Harm     .   (no cloak)
rCorr   .          Rampage  .   (no gloves)
Will    .....                   (no boots)
Stlth   ++........              (no amulet)
HPRegen 0.12/turn               (no ring)
MPRegen 0.09/turn               (no ring)

@: no status effects
A: AC +5, unfitting armour, cold-blooded
a: no special abilities


You were on level 2 of the Dungeon.
You visited 1 branch of the dungeon, and saw 3 of its levels.

You collected 109 gold pieces.

Inventory:

Hand Weapons
 e - a +1 dagger of protection
Armour
 a - a +0 pair of gloves
Jewellery
 j - a +4 ring of evasion
Scrolls
 d - 2 scrolls of teleportation {unknown}
 g - a scroll of fog {unknown}
 h - a scroll of holy word {unknown}
 i - a scroll of enchant armour {unknown}
Potions
 c - a potion of heal wounds
 f - a potion of brilliance {unknown}


   Skills:
 - Level 3.2 Fighting
 - Level 2.6 Dodging
 - Level 1.7 Stealth
 + Level 5.2 Unarmed Combat


You had 3 spell levels left.
You didn't know any spells.
Your spell library contained the following spells:

 Spells                   Type           Power      Damage    Failure   Level
 Slow                     Hex            0%         N/A       32%         1
 Scorch                   Fire           0%         2d5       45%         2
 Confusing Touch          Hex            0%         N/A       69%         3
 Tukima's Dance           Hex            0%         N/A       69%         3
 Vampiric Draining        Necr           0%         2d6       69%         3
 Anguish                  Hex/Necr       0%         N/A       97%         4
 Flame Wave               Conj/Fire      0%         2d4       97%         4
 Summon Cactus Giant      Summ           0%         N/A       100%        6
 Enfeeble                 Hex            0%         N/A       100%        7


Dungeon Overview and Level Annotations

Branches:
Dungeon (3/15)

Altars:


Innate Abilities, Weirdness & Mutations

Your plain brown scales are hard. (AC +5)
You cannot fit into any form of body armour.
You are cold-blooded and may be slowed by cold attacks.


Message History

Your Unarmed Combat skill increases to level 5!
You have reached level 4!
You feel agile.
Items here: )) [ †.
You start resting.
HP restored.
You start waiting.
Done waiting.
There is a stone staircase leading down, spattered with blood here.
You climb downwards.
The gnoll hits you from afar with a +0 halberd.
There is a stone staircase leading up, spattered with blood here.
Unknown command.
Unknown command.
The gnoll closely misses you. The gnoll hits you with a +0 spear!
* * * LOW HITPOINT WARNING * * *
There is a stone staircase leading up, spattered with blood here.
The gnoll hits you with a +0 halberd!
* * * LOW HITPOINT WARNING * * *
The gnoll closely misses you.
You climb upwards.
There is a stone staircase leading down, spattered with blood here.
Unknown command.
You closely miss the gnoll. You punch the gnoll.
The gnoll is lightly wounded.
The gnoll barely misses you. The gnoll hits you with a +0 spear!
* * * LOW HITPOINT WARNING * * *
You completely miss the gnoll.
The gnoll is lightly wounded.
The gnoll barely misses you.
You hit the gnoll.
The gnoll is moderately wounded.
The gnoll hits you with a +0 spear.
* * * LOW HITPOINT WARNING * * *
The gnoll hits you with a +0 halberd!
* * * LOW HITPOINT WARNING * * *
You barely miss the gnoll.
The gnoll is moderately wounded.
The gnoll hits you with a +0 spear!
You die...

#.......................#.##...#
##.............#......[.#.<.##.#
#.......#.........###.#^#...##..
#.......#.........# #.#.........
#.........####....# #.##.......#
##.....#### #.....# #.##......##
#.......# #...### #.##.....##
#.......#####.[## #.###....#
#...........#..@## #.# #.<..###
##.....#......gg.####.# #.......
##...##...........##.#########.
######........#........#### #.
#........##....##....####
#........###########....#
#........# ####.. ########## #..
#..


You could see 2 gnolls.

Vanquished Creatures
  A gnoll shaman (D:2)
  A gnoll (D:2)
  3 dart slugs
  2 ball pythons (D:1)
  3 endoplasms
  2 giant cockroaches (D:2)
  3 goblins
  3 hobgoblins
  2 jackals (D:2)
  2 quokkas
  5 bats
  3 frilled lizards
  6 kobolds
  5 rats
41 creatures vanquished.

Notes
Turn   | Place    | Note
-------+----------+-------------------------------------------
     0 | D:1      | pkoi the Draconian Monk began the quest for the Orb.
     0 | D:1      | Reached XP level 1. HP: 19/19 MP: 1/1
   312 | D:1      | Found a faded altar of an unknown god.
   376 | D:1      | Reached XP level 2. HP: 26/26 MP: 2/2
   581 | D:1      | Reached skill level 4 in Unarmed Combat
   998 | D:2      | Reached XP level 3. HP: 15/31 MP: 3/3
  1899 | D:2      | Reached skill level 5 in Unarmed Combat
  1899 | D:2      | Reached XP level 4. HP: 20/38 MP: 4/4
  2155 | D:2      | HP: 1/38 [gnoll/+0 halberd (9)]
  2156 | D:2      | Mangled by a gnoll

Illustrated notes

Levels and vault maps discovered:
D:1:      dpeg_arrival_line_fractal, layout_basic, ebering_ecumenical_altar_box,
          chequers_decorated_corner
D:2:      layout_rooms
D:3:      layout_loops_cross

Skill      XL: |  1  2  3 |
---------------+----------+-----
Unarmed Combat | 4 5 |  5.2
Fighting       | |  3.2
Dodging        | |  2.6
Stealth        | |  1.7

Action                   |  1- 3 |  4- 6 || total
-------------------------+-------+-------++-------
Melee: Unarmed           |   126 |     4 ||   130
       Tailslap          |    16 |       ||    16
       Punch             |     4 |     1 ||     5
  Use: Potion            |     2 |       ||     2
 Stab: Sleeping          |     8 |       ||     8
Armor: Skin              |    34 |       ||    34
Dodge: Dodged            |    87 |     4 ||    91
